 Dungeon Crawl Stone Soup version bcrawl-1.13.1 (webtiles) character file.

Game seed: 8006999898034997131

7833 Chiseanne the Spry (level 11, -4/65 HPs)
             Began as a Fairy Archaeologist on Aug 2, 2019.
             Was an Initiate of Gozag.
             Slain by Gastronok (24 damage)
             ... on level 9 of the Dungeon.
             The game lasted 00:20:20 (7664 turns).

Chiseanne the Spry (Fairy Archaeologist)            Turns: 7664, Time: 00:20:21

Health: -4/65      AC: 10    Str: 10    XL:     11   Next: 21%
Magic:  19/19      EV: 31    Int: 13    God:    Gozag
Gold:   943        SH:  6    Dex: 18    Spells: 15/18 levels left

rFire    . . .     SeeInvis .   w - +6 Scorpio {venom, beckon}
rCold    . . .     Gourm    .   (shield restricted)
rNeg     . . .     Faith    .   (armour unavailable)
rPois    .         Spirit   .   b - +1 hat
rElec    .         Reflect  .   (no cloak)
rCorr    +         Harm     .   (no gloves)
MR       +....                  c - +2 pair of boots
Stlth    +.........             (no amulet)
HPRegen  0.20/turn              x - ring of wizardry
MPRegen  0.16/turn              G - ring of Pessimism {rCorr Int-5 Dex+5 Slay+2}

@: gold aura, flying evasively
A: small, magic attunement, unstealthy, unfitting armour, able to fly, AC/SH +6
a: Stop Flying, Potion Petition, Call Merchant, Bribe Branch, Renounce Religion


You were on level 9 of the Dungeon.
You worshipped Gozag.
Gozag was pleased with you.
You were hungry.

You visited 2 branches of the dungeon, and saw 10 of its levels.

You collected 1262 gold pieces.
You spent 119 gold pieces at shops.
You paid 200 gold pieces to Gozag.

Inventory:

Hand Weapons
 a - a +2 mace of protection
 w - the +6 Scorpio (weapon) {venom, beckon}

   It poisons the ammo it fires.
Missiles
 e - 61 needles of confusion
 g - 346 tomahawks
 h - 375 sling bullets
 i - 2015 stones
 k - 1340 arrows
 m - 303 bolts (quivered)
 q - 705 poisoned needles
 y - a throwing net {!f}
Armour
 b - a +1 hat (worn)
 c - a +2 pair of boots (worn)
 B - the -3 pair of gloves "Oqilafud" {-Tele rElec rN+}
   (You found it on level 6 of the Dungeon)

   It insulates you from electricity.
   It protects you from negative energy.
   It prevents most forms of teleportation.
Jewellery
 x - a ring of wizardry (left hand)
 G - the ring of Pessimism (right hand) {rCorr Int-5 Dex+5 Slay+2}
   (You found it on level 9 of the Dungeon)

   [ring of resist corrosion]

   It affects your intelligence (-5).
   It affects your dexterity (+5).
   It affects your accuracy and damage with ranged weapons and melee attacks
   (+2).
   It provides partial protection from all sources of acid and corrosion.
Wands
 F - a wand of scattershot (6)
Scrolls
 l - 3 scrolls of fear
 n - 2 scrolls of immolation
 o - 2 scrolls of remove curse
 p - a scroll of enchant armour
 r - a scroll of enchant weapon
 s - 5 scrolls of teleportation
 v - 2 scrolls of magic mapping
 D - a scroll of amnesia
 H - a scroll of summoning {unknown}
Potions
 d - a potion of invisibility
 j - 3 potions of haste
 t - 2 potions of curing
 u - 2 potions of ambrosia
 z - 3 potions of heal wounds
 A - a potion of cancellation
 E - a potion of mutation
Miscellaneous
 C - a phial of floods
Comestibles
 f - 15 rations {!d}


   Skills:
 - Level 2.5 Fighting
 - Level 0.8 Maces & Flails
 + Level 9.7 Crossbows
 * Level 15.8 Dodging
 - Level 2.4 Stealth
 * Level 4.1 Spellcasting


You had 15 spell levels left.
You knew the following spells:

 Your Spells              Type           Power        Failure   Level  Hunger
a - Ozocubu's Armour      Chrm/Ice       #.......     24%         3    None

Your spell library contained the following spells:

 Spells                   Type           Power        Failure   Level  Hunger
 Freeze                   Ice            #.....       9%          1    None
 Throw Frost              Conj/Ice       #.....       12%         2    None
 Summon Ice Beast         Ice/Summ       #.......     58%         4    None
 Throw Icicle             Conj/Ice       #.......     58%         4    None


Dungeon Overview and Level Annotations

Branches:
Dungeon (9/12)             Temple (1/1) D:7            Lair (0/6) D:7
    Orc: D:8-11

Altars:
Ashenzari
Cheibriados
Dithmenos
Elyvilon
Fedhas
Gozag
Hepliaklqana
Kikubaaqudgha
Lugonu
Makhleb
Nemelex Xobeh
Okawaru
Qazlal
Ru
Sif Muna
Trog
Uskayaw
Vehumet
Wu Jian
Xom
Yredelemnul
Zin
The Shining One

Shops:
D:4 ?

Annotations:
D:9 3 runed translucent doors, Gastronok; havocjr3's ghost, journeyman GnFi


Innate Abilities, Weirdness & Mutations

Your spells do not cause hunger and MP costs are reduced by 1.
Your bright wings attract enemies. (Stealth-)
You cannot fit into any form of body armour.
Your shimmering scales are hard and can block incoming attacks. (AC +6, SH +6)
You are small and have problems with some larger weapons.
You can fly continuously.


Message History

Gastronok looks as sick as possible!
Gastronok is heavily wounded.
Gastronok completely misses you.
The river rat bites you but does no damage.
Firing (i - inventory. (/) - cycle)
m - 305 bolts (quivered)
Press: ? - help, Shift-Dir - straight line, f/p - Gastronok
Aim: Gastronok, wearing a +1 hat (heavily wounded, poisoned, covering ground quickly)
You shoot a bolt. The bolt hits Gastronok.
Gastronok is severely wounded.
Gastronok bites you but does no damage. You block the river rat's attack.
The bat completely misses you. Gastronok bites you!!
The river rat completely misses you.
Firing (i - inventory. (/) - cycle)
m - 304 bolts (quivered)
Press: ? - help, Shift-Dir - straight line, f/p - Gastronok
Aim: Gastronok, wearing a +1 hat (severely wounded, poisoned, covering ground quickly)
You shoot a bolt. The bolt barely misses Gastronok.
The bolt barely misses the quasit.
The bat completely misses you. You block the river rat's attack.
Gastronok bites you!!
You die...
Your body crumbles into a pile of gold.

#....# #..#.#
###....# #
.....###.# #..
#####.##.#
###.... #..#.#
###.......
#....#
###5........
###..#
###rwc5$.#....
#..####..@#l##.#
c ##........#.#
.# #####.#....#
. #...b.5# ..
#.#.##.# .w
#........ ...
#.#....##.
#.#.##.# #.# .#


You could see Gastronok, a centaur warrior, a quasit, a crimson imp, a river
rat, a shadow imp and a bat.

Vanquished Creatures
  A two-headed ogre (D:7)
  A centaur warrior (D:9)
  3 death yaks (D:7)
  Joseph (D:9)
  A troll (D:7)
  Prince Ribbit (D:5)
  2 hippogriffs (D:7)
  4 porcupines (D:7)
  Duvessa (D:4)
  4 orc warriors
  A sky beast (D:7)
  3 ice beasts
  5 centaurs
  2 black bears
  2 ogres (D:7)
  A bullfrog (D:8)
  A gnoll sergeant (D:8)
  Dowan (D:4)
  A scorpion (D:6)
  6 killer bees (D:7)
  3 wights (D:8)
  4 crimson imps
  A bullfrog zombie (D:7)
  3 hounds
  2 centaur skeletons
  2 orc priests
  2 jellies (D:9)
  2 bullfrog skeletons
  An iguana (D:4)
  7 orc wizards
  A hell rat (D:7)
  3 worker ants
  4 gnolls (D:8)
  A howler monkey skeleton (D:4)
  A river rat (D:7)
  7 adders
  2 shadow imps
  3 adder skeletons
  An adder zombie (D:7)
  5 worms
  3 dart slugs
  A leopard gecko (D:3)
  28 orcs
  4 giant cockroaches
  11 hobgoblins
  9 kobolds
  2 quokkas (D:6)
  5 bats
  A frilled lizard (D:3)
  10 goblins
  8 rats
  A plant (D:2)
180 creatures vanquished.

Notes
Turn   | Place    | Note
-------+----------+-------------------------------------------
     0 | D:1      | Chiseanne the Fairy Archaeologist began the quest for the
                  | Orb.
     0 | D:1      | Reached XP level 1. HP: 12/12 MP: 3/3
   111 | D:1      | Reached skill level 1 in Fighting
   173 | D:1      | Reached XP level 2. HP: 17/19 MP: 4/4
   423 | D:1      | Reached XP level 3. HP: 25/25 MP: 5/5
   565 | D:2      | Reached skill level 1 in Crossbows
   748 | D:2      | Found a faded altar of an unknown god.
  1014 | D:2      | Found a blossoming altar of Fedhas.
  1636 | D:2      | Reached XP level 4. HP: 18/30 MP: 6/6
  2493 | D:3      | Reached XP level 5. HP: 31/35 MP: 7/7
  3013 | D:4      | Noticed Dowan
  3022 | D:4      | Noticed Duvessa
  3037 | D:4      | Killed Duvessa
  3037 | D:4      | Reached skill level 5 in Crossbows
  3057 | D:4      | Killed Dowan
  3057 | D:4      | Reached XP level 6. HP: 19/41 MP: 8/8
  3494 | D:4      | Found a deep blue altar of Sif Muna.
  3838 | D:4      | Found Ipysomn's Magic Scroll Boutique.
  3846 | D:4      | Bought a scroll of magic mapping for 49 gold pieces
  3846 | D:4      | Bought a scroll of identify for 28 gold pieces
  3846 | D:4      | Bought a scroll of noise for 14 gold pieces
  3846 | D:4      | Bought a scroll of identify for 28 gold pieces
  3997 | D:5      | Entered Level 5 of the Dungeon
  4002 | D:4      | Reached skill level 5 in Dodging
  4002 | D:4      | Reached XP level 7. HP: 41/45 MP: 9/9
  4179 | D:5      | Found a bloodstained altar of Trog.
  4181 | D:5      | Found an ornate altar of the Wu Jian Council.
  4188 | D:5      | Found a white marble altar of Elyvilon.
  4203 | D:5      | Reached skill level 6 in Dodging
  4361 | D:5      | Noticed Prince Ribbit
  4365 | D:5      | Killed Prince Ribbit
  4365 | D:5      | Reached skill level 7 in Dodging
  4365 | D:5      | Reached XP level 8. HP: 50/51 MP: 10/10
  4616 | D:6      | Reached skill level 8 in Dodging
  4831 | D:6      | Reached skill level 9 in Dodging
  4859 | D:6      | Got a pair of warped gloves
  5074 | D:6      | Identified the -3 pair of gloves "Oqilafud" {-Tele rElec
                  | rN+} (You found it on level 6 of the Dungeon)
  5142 | D:7      | Noticed a hippogriff
  5146 | D:7      | Killed a hippogriff
  5146 | D:7      | Reached skill level 10 in Dodging
  5157 | D:7      | Found a staircase to the Ecumenical Temple.
  5180 | Temple   | Entered the Ecumenical Temple
  5371 | Temple   | Became a worshipper of Gozag Ym Sagoz the Greedy
  5398 | D:7      | Reached XP level 9. HP: 55/55 MP: 11/11
  5451 | D:7      | Reached skill level 11 in Dodging
  5475 | D:7      | Noticed a death yak
  5475 | D:7      | Noticed a death yak
  5478 | D:7      | Noticed a death yak
  5483 | D:7      | Killed a death yak
  5483 | D:7      | Reached skill level 12 in Dodging
  5534 | D:7      | Killed a death yak
  5534 | D:7      | Reached skill level 13 in Dodging
  5534 | D:7      | Reached XP level 10. HP: 16/61 MP: 12/12
  5935 | D:7      | Found an iron altar of Okawaru.
  6039 | D:7      | Killed a death yak
  6039 | D:7      | Reached skill level 14 in Dodging
  6332 | D:7      | Found a staircase to the Lair.
  6674 | D:8      | Noticed a two-headed ogre
  6681 | D:7      | Killed a two-headed ogre
  6681 | D:7      | Reached skill level 15 in Dodging
  7041 | D:8      | Learned a level 3 spell: Ozocubu's Armour
  7097 | D:8      | Reached skill level 1 in Spellcasting
  7174 | D:8      | Reached XP level 11. HP: 60/65 MP: 14/16
  7355 | D:8      | Found a glowing golden altar of the Shining One.
  7517 | D:9      | Found a runed translucent gate.
  7517 | D:9      | Found a runed translucent gate.
  7518 | D:9      | Found a runed translucent gate.
  7518 | D:9      | Noticed an ettin
  7518 | D:9      | Noticed havocjr3's ghost (journeyman GnFi)
  7520 | D:9      | Noticed a manticore
  7525 | D:9      | Got a coiled jade ring
  7527 | D:9      | Identified the ring of Pessimism {rCorr Int-5 Dex+5 Slay+2}
                  | (You found it on level 9 of the Dungeon)
  7538 | D:9      | Noticed Joseph
  7541 | D:9      | Killed Joseph
  7645 | D:9      | Noticed Gastronok
  7645 | D:9      | Noticed a centaur warrior
  7655 | D:9      | Killed a centaur warrior
  7656 | D:9      | Noticed a centaur warrior
  7664 | D:9      | Slain by Gastronok

Skill      XL: |  1  2  3  4  5  6  7  8  9 10 11 |
---------------+----------------------------------+-----
Fighting       | 1 2 |  2.5
Crossbows      | 2 4 6 7 8 9 |  9.7
Dodging        | 5 7 10 13 15 | 15.8
Spellcasting   | 2 4 |  4.1
Maces & Flails | |  0.8
Stealth        | |  2.4

Action                   |  1- 3 |  4- 6 |  7- 9 | 10-12 || total
-------------------------+-------+-------+-------+-------++-------
Melee: Whip              |   149 |       |       |       ||   149
       Short sword       |   131 |   136 |       |       ||   267
 Fire: Hand crossbow     |       |    10 |   124 |   147 ||   281
Throw: Tomahawk          |       |     1 |       |       ||     1
  Use: Scroll            |     2 |    12 |     7 |     3 ||    24
       Potion            |     1 |     2 |       |       ||     3
  Eat: Ration            |     1 |       |       |     2 ||     3
       Chunk             |       |     7 |     4 |       ||    11
Armor: Skin              |    41 |    35 |    16 |    10 ||   102
Dodge: Dodged            |   145 |    78 |    93 |   130 ||   446
Block: Other             |    40 |    30 |    21 |    39 ||   130
